 Dungeon Crawl Stone Soup version 0.28.0 (webtiles) character file.

Game seed: 3592673020551226199

1109 GrayStillPlays the Skirmisher (level 8, 0/63 HPs)
             Began as a Demonspawn Fighter on Feb 13, 2022.
             Succumbed to a gnoll shaman's poison
             ... on level 5 of the Dungeon.
             The game lasted 00:06:00 (4317 turns).

GrayStillPlays the Skirmisher (Demonspawn Fighter)  Turns: 4317, Time: 00:06:01

Health: 0/63       AC: 11    Str: 25    XL:     8   Next: 11%
Magic:  8/8        EV:  9    Int:  9    God:
Gold:   237        SH:  5    Dex: 13    Spells: 7/7 levels left

rFire   . . .      SeeInvis .   a - +0 war axe {axe}
rCold   . . .      Faith    .   c - +0 buckler
rNeg    . . .      Spirit   .   b - +0 scale mail
rPois   .          Reflect  .   (no helmet)
rElec   .          Harm     .   h - +0 cloak
rCorr   .          Rampage  .   (no gloves)
Will    .....                   (no boots)
Stlth   ..........              (no amulet)
HPRegen 0.20/turn               m - +6 ring of strength
MPRegen 0.11/turn               (no ring)

@: lethally poisoned (0 -> -21), lit by a corona, glowing
A: yellow scales 2, foul stench 3, powered by pain 1
a: no special abilities


You were on level 5 of the Dungeon.
You visited 1 branch of the dungeon, and saw 5 of its levels.

You collected 237 gold pieces.


Innate Abilities, Weirdness & Mutations

You are mostly covered in yellow scales. (AC +3)
You frequently emit foul miasma when damaged in melee.
You sometimes gain a little power by taking damage.


   Skills:
 + Level 5.5 Fighting
 + Level 4.6 Axes
 + Level 5.1 Armour
 + Level 5.1 Shields


You had 7 spell levels left.
You didn't know any spells.
Your spell library contained the following spells:

 Spells                   Type           Power      Damage    Failure   Level
 Magic Dart               Conj           0%         1d3       75%         1
 Call Imp                 Summ           0%         N/A       87%         2
 Inner Flame              Hex/Fire       0%         N/A       98%         3
 Mephitic Cloud           Conj/Pois/Air  0%         N/A       98%         3
 Cause Fear               Hex            0%         N/A       100%        4
 Hailstorm                Conj/Ice       0%         3d3       100%        4
 Ice Form                 Ice/Tmut       0%         N/A       100%        4
 Simulacrum               Ice/Necr       0%         N/A       100%        6
 Discord                  Hex            0%         N/A       100%        8

Inventory:

Hand Weapons
 a - a +0 war axe (weapon) {axe}
 p - a +2 dagger of freezing {short}
   (You took it off a kobold on level 3 of the Dungeon)
Missiles
 f - 100 arrows
 g - 114 stones (quivered) {throwing}
 q - 86 bolts
Armour
 b - a +0 scale mail (worn)
 c - a +0 buckler (worn)
 h - a +0 cloak (worn)
   (You found it on level 1 of the Dungeon)
 v - a +2 scale mail of cold resistance
   (You took it off an orc on level 4 of the Dungeon)
Magical Staves
 k - a staff of conjuration {!a@e2staff}
   (You found it on level 1 of the Dungeon)
 r - a staff of earth {!astaff}
   (You found it on level 3 of the Dungeon)
 t - a staff of death {!astaff}
   (You found it on level 4 of the Dungeon)
Jewellery
 m - a +6 ring of strength (left hand)
   (You found it on level 2 of the Dungeon)
Wands
 x - a wand of iceblast (9)
   (You found it on level 4 of the Dungeon)
Scrolls
 e - 4 scrolls of identify {unknown}
 i - 5 scrolls of teleportation {unknown}
 j - 2 scrolls of fog {unknown}
 u - a scroll of amnesia {unknown}
 w - a scroll of immolation {unknown}
Potions
 d - 2 potions of might
 l - a potion of heal wounds {unknown}
 n - 2 potions of degeneration {unknown}
 o - a potion of brilliance {unknown}
 s - 2 potions of curing {unknown}

Dungeon Overview and Level Annotations

Branches:
Dungeon (5/15)
 Temple: D:4-7

Altars:
Qazlal
Trog
Vehumet
Xom

Shops:
D:5

( ## ##............. #
+...........8
+...........### #
+.....###.....# ##
##.....###.....##
.###.......#.......##
..............?.....###
.........##...........###.
................@.........
....##..................$.
...###...........g.☼......
..###..........(#)†..#####
####...##...........##
#....#..#..#......#
#....#.....###....#
##...#....## #..... ##...
.... .....#.


You could see a gnoll (fast).


Message History

You barely miss the hound. The hound bites you but does no damage.
The hound barely misses you. The hound bites you.
You emit a cloud of foul miasma!
The gnoll shaman completely misses you. The gnoll hits you but does no damage.
The hound barely misses you. 😕 HP[-4]
You take 4 damage, and now have 55/63 hp.
You closely miss the hound. You slash the hound!
You completely miss the gnoll shaman. You hit the gnoll but do no damage.
The hound is engulfed in dark miasma.
The hound is poisoned.
The hound closely misses you. The hound bites you but does no damage.
The gnoll shaman hits you but does no damage.
You are poisoned.
The gnoll hits you with a +0 club.
The hound is engulfed in dark miasma.
The hound looks even sicker.
The hound pauses to sniff the ground.
The hound barely misses you. You block the hound's attack. 😕 HP[-1]
You take 1 damage, and now have 54/63 hp.
You hit the gnoll. You closely miss the gnoll shaman. You miss the hound.
You slash the hound!
You kill the hound!
You feel very sick.
The hound is engulfed in dark miasma.
The hound looks even sicker.
You kill the hound!
The gnoll shaman calls upon its god to heal the gnoll.
The gnoll's wounds heal themselves!
The gnoll barely misses you.
The gnoll shaman hits you with a +1 whip of venom.
You are more poisoned.
You block the gnoll's attack. 😮 HP[-8]
You take 8 damage, and now have 46/63 hp.
You hit the gnoll shaman. You hit the gnoll.
You hit the gnoll but do no damage.
You feel very sick. The gnoll hits you but does no damage.
The gnoll shaman calls upon its god to speed up the gnoll.
The gnoll seems to speed up.
The gnoll completely misses you. You block the gnoll's attack. 😮 HP[-5]
You take 5 damage, and now have 41/63 hp.
You barely miss the gnoll shaman. You slash the gnoll! x2
You kill the gnoll!
You feel very sick. You block the gnoll's attack.
The gnoll shaman calls upon its god to heal the gnoll.
The gnoll is healed somewhat. 😮 HP[-5]
You take 5 damage, and now have 36/63 hp.
You hit the gnoll shaman but do no damage.
You hit the gnoll.
You feel very sick. You block the gnoll's attack.
You block the gnoll shaman's attack. The gnoll hits you but does no damage.
The gnoll shaman hits you but does no damage.
You are more poisoned. 😮 HP[-3]
You take 3 damage, and now have 33/63 hp.
You hit the gnoll. You hit the gnoll shaman.
You feel very sick. The gnoll barely misses you.
The gnoll hits you but does no damage.
The gnoll shaman hits you with a +1 whip of venom.
* * * LOW HITPOINT WARNING * * *
You emit a cloud of foul miasma! 😨 HP[-8]
You take 8 damage, and now have 25/63 hp.
You closely miss the gnoll. You hit the gnoll shaman.
You feel very sick. The gnoll closely misses you. x2
The gnoll shaman is engulfed in dark miasma.
The gnoll shaman is poisoned.
The gnoll shaman invokes the aid of its god against you.
You are outlined in light. 😨 HP[-3]
You take 3 damage, and now have 22/63 hp.
You hit the gnoll but do no damage. You barely miss the gnoll shaman.
You feel very sick. You block the gnoll's attack.
The gnoll shaman is engulfed in dark miasma.
The gnoll shaman looks even sicker.
The gnoll shaman hits you with a +1 whip of venom.
* * * LOW HITPOINT WARNING * * *
You are lethally poisoned!
You block the gnoll's attack.
The gnoll shaman is engulfed in dark miasma.
The gnoll shaman looks even sicker.
The gnoll shaman hits you with a +1 whip of venom.
* * * LOW HITPOINT WARNING * * *
You are more poisoned. 😱 HP[-10]
You take 10 damage, and now have 12/63 hp.
* * * LOW HITPOINT WARNING * * *
You feel very sick. The gnoll hits you with a +0 club.
* * * LOW HITPOINT WARNING * * *
The gnoll shaman is engulfed in dark miasma.
The gnoll shaman looks as sick as possible!
You kill the gnoll shaman! 😱 HP[-9]
You take 9 damage, and now have 3/63 hp.
You die...

Skill      XL: |  1  2  3  4  5  6  7 |
---------------+----------------------+-----
Axes           | 2 3 4 |  4.6
Shields        | 3 4 5 |  5.1
Armour         | 3 4 5 |  5.1
Fighting       | 4 5 |  5.5

Action                   |  1- 3 |  4- 6 |  7- 9 || total
-------------------------+-------+-------+-------++-------
Melee: War axe           |    93 |   199 |    74 ||   366
Armor: Scale mail        |    42 |   120 |    41 ||   203
Dodge: Dodged            |    50 |   119 |    40 ||   209
Block: Buckler           |    29 |    54 |    26 ||   109

Levels and vault maps discovered:
D:1:      dpeg_arrival_erosion, layout_rooms,
          ebering_ecumenical_altar_sacrificial, minmay_misc_feat_iff
D:2:      layout_rooms
D:3:      layout_basic, minmay_pentangle
D:4:      layout_rooms, doesnt_xom_only_xom, chequers_serial_rivers_micro_e,
          lemuel_another_geyser
D:5:      layout_cave_pools, mainiacjoe_overflow_surrounded_room,
          hangedman_ru_absence, kennysheep_orc_sif_temple, serial_gnoll_camp,
          gnoll_camp_mini_doghouse, gnoll_camp_medium_01,
          gnoll_camp_mini_doghouse, gnoll_camp_mini_basic,
          minmay_shop_grid_forest, minmay_misc_feat_plants, st_stairs_8,
          minivault_19, uniq_duvessa

Notes
Turn   | Place    | Note
-------+----------+-------------------------------------------
     0 | D:1      | GrayStillPlays the Demonspawn Fighter began the quest for
                  | the Orb.
     0 | D:1      | Reached XP level 1. HP: 18/18 MP: 1/1
     0 | D:1      | magus.rc [v1.9.6]
    52 | D:1      | Found a faded altar of an unknown god.
    91 | D:1      | Reached skill level 2 in Axes
    91 | D:1      | Gained mutation: You may rarely emit foul miasma when
                  | damaged in melee. [demonic ancestry]
    91 | D:1      | Reached XP level 2. HP: 24/24 MP: 2/2
   206 | D:1      | Reached skill level 3 in Shields
   249 | D:1      | You pick up a book of the Tundra and begin reading...
   249 | D:1      | You add the spells Hailstorm, Ice Form and Simulacrum to
                  | your library.
   320 | D:1      | Reached skill level 3 in Armour
   338 | D:1      | Gained mutation: You sometimes gain a little power by
                  | taking damage. [demonic ancestry]
   338 | D:1      | Reached XP level 3. HP: 15/29 MP: 3/3
   815 | D:2      | Noticed a necrophage
   829 | D:2      | Killed a necrophage
   830 | D:2      | Reached XP level 4. HP: 9/37 MP: 4/4
  1072 | D:2      | Gained mutation: You are partially covered in yellow
                  | scales. (AC +2) [demonic ancestry]
  1072 | D:2      | Reached XP level 5. HP: 42/42 MP: 5/5
  1796 | D:3      | Reached skill level 4 in Fighting
  1796 | D:3      | Reached skill level 3 in Axes
  1796 | D:3      | HP: 6/42 [gnoll (7)]
  2334 | D:3      | You pick up a book of Hexes and begin reading...
  2334 | D:3      | You add the spells Inner Flame, Cause Fear and Discord to
                  | your library.
  2744 | D:4      | Gained mutation: You are mostly covered in yellow scales.
                  | (AC +3) [demonic ancestry]
  2744 | D:4      | Reached XP level 6. HP: 34/48 MP: 6/6
  2859 | D:4      | Reached skill level 4 in Shields
  2865 | D:4      | Reached skill level 4 in Armour
  3296 | D:4      | You pick up a book of Minor Magic and begin reading...
  3296 | D:4      | You add the spells Magic Dart, Call Imp and Mephitic Cloud
                  | to your library.
  3346 | D:4      | Found a sacrificial altar of Ru.
  3348 | D:4      | Found an iron altar of Okawaru.
  3348 | D:4      | Found a shimmering altar of Xom.
  3363 | D:4      | Found a radiant altar of Vehumet.
  3363 | D:4      | Found a bloodstained altar of Trog.
  3363 | D:4      | Found a stormy altar of Qazlal.
  3472 | D:4      | Gained mutation: You sometimes emit foul miasma when
                  | damaged in melee. [demonic ancestry]
  3472 | D:4      | Reached XP level 7. HP: 33/55 MP: 7/7
  3859 | D:5      | Entered Level 5 of the Dungeon
  3861 | D:5      | Found Cunkun's Weapon Shop.
  3870 | D:5      | Reached skill level 5 in Fighting
  3870 | D:5      | Reached skill level 4 in Axes
  4152 | D:5      | Noticed Duvessa
  4173 | D:5      | Noticed Dowan
  4176 | D:5      | Killed Duvessa
  4177 | D:5      | Reached skill level 5 in Shields
  4190 | D:5      | Killed Dowan
  4289 | D:5      | Reached skill level 5 in Armour
  4289 | D:5      | Gained mutation: You frequently emit foul miasma when
                  | damaged in melee. [demonic ancestry]
  4289 | D:5      | Reached XP level 8. HP: 60/63 MP: 8/8
  4315 | D:5      | HP: 14/63 [gnoll shaman (5)]
  4316 | D:5      | HP: 6/63 [poisoned by a gnoll shaman]
  4317 | D:5      | Succumbed to a gnoll shaman's poison

Vanquished Creatures
  Duvessa (D:5)
  2 necrophages
  A centaur (D:4)
  An ogre (D:5)
  A scorpion (D:4)
  2 water moccasin skeletons (D:4)
  Dowan (D:5)
  A gnoll shaman (D:5)
  3 hounds (D:5)
  3 iguanas
  2 orc wizards (D:4)
  7 gnolls
  5 adders
  A shadow imp (D:5)
  2 worms
  A dart slug (D:2)
  11 orcs
  7 ball pythons
  7 bats
  3 endoplasms
  8 giant cockroaches
  6 goblins
  10 hobgoblins
  4 jackals (D:1)
  4 quokkas
  A ball python skeleton (D:3)
  3 frilled lizards
  6 kobolds
  3 rats
107 creatures vanquished.

Table legend:
 A = Non-vault XP
 B = Vault XP
 C = Vault XP percentage of total XP
 D = Non-vault monster count
 E = Vault monster count
 F = Vault count percentage of total count
                 A         B        C        D         E       F
            +---------+---------+-------+---------+---------+-------
      Total |    1201 |     384 |  24.2 |      96 |      11 |  10.3
            +---------+---------+-------+---------+---------+-------
        D:1 |      61 |       0 |   0.0 |      34 |       0 |   0.0
        D:2 |     172 |       0 |   0.0 |      21 |       0 |   0.0
        D:3 |     112 |       5 |   4.3 |      14 |       3 |  17.6
        D:4 |     531 |       0 |   0.0 |      22 |       0 |   0.0
        D:5 |     325 |     379 |  53.8 |       5 |       8 |  61.5
            +---------+---------+-------+---------+---------+-------

Illustrated notes

Table legend:
 A = Kills in this place as a percentage of kills in entire the game.
 B = Kills by you in this place as a percentage of kills by you in the entire game.
 C = Kills by friends in this place as a percentage of kills by friends in the entire game.
 D = Other kills in this place as a percentage of other kills in the entire game.
 E = Experience gained in this place as a percentage of experience gained in the entire game.
 F = Experience gained in this place divided by the number of levels of this place that you have seen.
                   A       B       C       D       E      F
               +-------+-------+-------+-------+-------+----------------------
         Total | 100.0 | 100.0 |   N/A |   N/A | 100.0 | 317.0
       Dungeon | 100.0 | 100.0 |   N/A |   N/A | 100.0 | 317.0
               +-------+-------+-------+-------+-------+----------------------

Table legend: (Time is in decaauts)
 A = Elapsed time spent in this place.
 B = Non-inter-level travel time spent in this place.
 C = Inter-level travel time spent in this place.
 D = Time resting spent in this place.
 E = Time spent auto-exploring this place.
 F = Levels seen in this place.
 G = Mean time per level.
                   A        B        C        D        E       F      G
               +--------+--------+--------+--------+--------+-----+--------+
         Total |   4456 |   4411 |     45 |    440 |   3110 |   5 |  891.2 |
       Dungeon |   4456 |   4411 |     45 |    440 |   3110 |   5 |  891.2 |
               +--------+--------+--------+--------+--------+-----+--------+

Top non-repeatable levels by time:
     D:4: 1186 daAuts
     D:2: 1027 daAuts
     D:3: 920 daAuts
     D:1: 846 daAuts
     D:5: 475 daAuts
